 Dungeon Crawl Stone Soup version 0.31-a0-229-g1fc7ce93e2 (webtiles) character file.

Game seed: 12463149233009583661

1363 qw the Skirmisher (level 8, -7/68 HPs)
             Began as a Minotaur Hexslinger on July 6, 2023.
             Was a Follower of Okawaru.
             Killed by divine providence
             ... invoked by an orc priest
              (9 damage)
             ... on level 5 of the Dungeon.
             The game lasted 00:01:33 (3689 turns).

qw the Skirmisher (Minotaur Hexslinger)             Turns: 3689, Time: 00:01:33

Health: -7/68      AC:  8    Str: 11    XL:     8   Next: 38%
Magic:  6/8        EV: 14    Int: 13    God:    Okawaru [*.....]
Gold:   229        SH:  0    Dex: 18    Spells: 8/9 levels left

rFire   . . .        h - +3 arbalest of Dasolufi {freeze, rPois}
rCold   . . .        (shield currently unavailable)
rNeg    . . .        f - +0 ring mail
rPois   +            (helmet restricted)
rElec   .            (no cloak)
rCorr   .            d - +0 pair of gloves
SInv    +            (no boots)
Will    .....        (no amulet)
Stlth   ++           c - ring of see invisible
HPRegen 0.31/turn    (no ring)
MPRegen 0.11/turn

%: no passive effects
@: heroic
A: horns 2, retaliatory headbutt, agile 1, clever 1, evolution 1
a: Renounce Religion, Heroism


You were on level 5 of the Dungeon.
You worshipped Okawaru.
Okawaru was aware of your devotion.
You visited 2 branches of the dungeon, and saw 6 of its levels.

You collected 229 gold pieces.


Innate Abilities, Weirdness & Mutations

You have a pair of horns on your head.
You reflexively headbutt those who attack you in melee.
You are agile. (Dex +4, Str/Int -1)
Your mind is acute. (Int +4, Str/Dex -1)
You have hidden genetic potential.


   Skills:
 + Level 5.3(10.3) Fighting
 - Level 9.0(14.0) Ranged Weapons
 - Level 3.2(8.2) Armour
 - Level 3.1(8.1) Dodging
 - Level 1.0 Spellcasting
 - Level 2.0 Hexes
 + Level 2.6 Invocations


You had 8 spell levels left.
You knew the following spells:

 Your Spells              Type           Power      Damage    Failure   Level
a - Slow                  Hex            20%        N/A       26%         1

Your spell library contained the following spells:

 Spells                   Type           Power      Damage    Failure   Level
 Inner Flame              Hex/Fire       3%         N/A       75%         3
 Portal Projectile        Hex/Tloc       6%         N/A       75%         3
 Cause Fear               Hex            2%         N/A       94%         4

Inventory:

Hand Weapons
 h - the +3 arbalest of Dasolufi (weapon) {freeze, rPois}
   (You acquired it on level 3 of the Dungeon)

   rPois:     It protects you from poison.
Armour
 d - a +0 pair of gloves (worn)
 f - a +0 ring mail (worn)
Jewellery
 c - a ring of see invisible (left hand)
Scrolls
 a - a scroll of identify
 n - a scroll of enchant armour {unknown}
Potions
 b - 3 potions of curing
 e - a potion of enlightenment
 g - a potion of resistance
 i - a potion of might
 j - a potion of mutation
 k - a potion of magic
 l - a potion of attraction {unknown}
 m - a potion of haste {unknown}

Dungeon Overview and Level Annotations

Branches:
Dungeon (5/15)             Temple (1/1) D:4

Altars:
Cheibriados
Dithmenos
Elyvilon
Fedhas
Hepliaklqana
Kikubaaqudgha
Makhleb
Nemelex Xobeh
Okawaru
Qazlal
Ru
Sif Muna
Vehumet
Wu Jian

Shops:
D:4 =

Annotations:
D:5 Pikel


Message History

The bolt hits Pikel but does no damage.
You hear a shout!
An orc comes into view. It is wielding a +0 mace.
You shoot a bolt. The orc shouts!
The bolt hits Pikel but does no damage.
You feel like a meek peon again.
An orc comes into view. It is wielding a +0 trident.
An orc priest comes into view. It is wielding a +0 club.
Pikel hits you but does no damage.
Pikel hits you with a +0 whip of flaming.
Pikel burns you.
An orc comes into view. It is wielding a +0 dagger.
The orc barely misses you.
3686 ||| INVOKING Heroism.
You gain the combat prowess of a mighty hero.
Pikel hits you with a +0 whip of flaming!
Pikel burns you. The orc closely misses you.
You shoot a bolt. The bolt closely misses Pikel.
The orc priest shouts!
The orc shouts!
The bolt hits the lemure.
The bolt freezes the lemure.
The lemure is moderately wounded.
Pikel hits you but does no damage. The orc closely misses you.
You furiously retaliate!
You headbutt the orc!
You kill the orc!
Okawaru accepts your kill.
You shoot a bolt. The bolt hits Pikel!
The bolt freezes Pikel!
Pikel is severely wounded.
Pikel closely misses you. You furiously retaliate!
You headbutt Pikel. You shoot a bolt. The bolt barely misses Pikel.
The bolt hits the lemure!
The bolt freezes the lemure.
The lemure is almost dead.
The lemure closely misses you. You furiously retaliate!
You headbutt the lemure.
Pikel hits you with a +0 whip of flaming.
Pikel burns you. The lemure closely misses you.
Pikel hits you with a +0 whip of flaming.
Pikel burns you.
The orc priest mumbles some strange prayers to Beogh against you.
Beogh smites you!
You die...

...........
#.....>....
#.........#
#.....o..
..o.o..
#..5o#
#55K# #@#
#<# ..#
#.## #. #.
.. ..


You could see Pikel, 3 lemures, an orc priest and 3 orcs.

Vanquished Creatures
  Prince Ribbit (D:5)
  Menkaure (D:4)
  Edmund (D:5)
  An ice beast (D:5)
  2 black bears (D:5)
  2 phantoms
  A lemure (D:5)
  A scorpion (D:5)
  4 hounds
  A jelly (D:4)
  2 orc priests (D:5)
  A sleepcap (D:5)
  An iguana (D:5)
  An orc wizard (D:4)
  3 adders
  An ufetubus (D:5)
  4 worms
  4 dart slugs
  14 orcs
  14 ball pythons
  9 endoplasms
  5 giant cockroaches
  7 hobgoblins
  11 jackals
  8 kobolds
  2 quokkas
  5 bats
  3 frilled lizards
  6 goblins
  8 rats
124 creatures vanquished.

Notes
Turn   | Place    | Note
-------+----------+-------------------------------------------
     0 | D:1      | qw the Minotaur Hexslinger began the quest for the Orb.
     0 | D:1      | Reached XP level 1. HP: 16/16 MP: 1/1
     0 | D:1      | 0 ||| qw: Version: 0.3-a-46-gb1f654a
     0 | D:1      | 0 ||| qw: Game counter: 1133
     0 | D:1      | 0 ||| qw: Melee chars always use a shield: true
     0 | D:1      | 0 ||| qw: God list: Okawaru
     0 | D:1      | 0 ||| qw: Allow faded altars: false
     0 | D:1      | 0 ||| qw: Do Orc after clearing Dungeon:15 true
     0 | D:1      | 0 ||| qw: Do second Lair branch before Depths: true
     0 | D:1      | 0 ||| qw: Lair rune preference: random
     0 | D:1      | 0 ||| qw: Goals: Normal
     0 | D:1      | 0 ||| PLANNING D:1-11
    85 | D:1      | Reached skill level 3 in Ranged Weapons
    85 | D:1      | Reached XP level 2. HP: 23/23 MP: 2/2
   414 | D:1      | Reached XP level 3. HP: 28/29 MP: 3/3
   578 | D:1      | 578 ||| UPGRADING to +0 ring mail.
   588 | D:1      | 588 ||| DROPPING +0 robe.
   589 | D:1      | 589 ||| READING 2 scrolls labelled JENUOT YSSIEROMM.
   590 | D:1      | 590 ||| READING scroll labelled TAN GOSTUJ.
   591 | D:1      | 591 ||| READING scroll labelled UNGIEV DILO.
   592 | D:1      | 592 ||| READING scroll labelled HAEPRA ASEDA.
   593 | D:1      | 593 ||| DROPPING scroll of poison.
   807 | D:2      | Reached skill level 4 in Ranged Weapons
  1051 | D:2      | Reached skill level 1 in Armour
  1161 | D:2      | 1161 ||| UPGRADING to ring of see invisible.
  1162 | D:2      | 1162 ||| READING 3 scrolls labelled PIWEMI NAYKKE.
  1163 | D:2      | 1163 ||| READING scroll labelled ODEOCL HAISIV.
  1168 | D:2      | 1168 ||| READING scroll labelled ENIPRA XAINU.
  1169 | D:2      | 1169 ||| DRINKING 4 black potions.
  1170 | D:2      | 1170 ||| READING 2 scrolls of identify.
  1170 | D:2      | 1170 ||| IDENTIFYING fuming cyan potion
  1171 | D:2      | 1171 ||| DROPPING potion of invisibility.
  1172 | D:2      | 1172 ||| DROPPING 2 scrolls of fog.
  1396 | D:3      | Found a white marble altar of Elyvilon.
  1408 | D:3      | Reached XP level 4. HP: 31/36 MP: 4/4
  1822 | D:3      | 1822 ||| UPGRADING to +0 pair of gloves.
  1827 | D:3      | 1827 ||| DROPPING ring of flight.
  1828 | D:3      | 1828 ||| READING 2 scrolls labelled HUANAR IQISAR.
  1829 | D:3      | 1829 ||| READING scroll labelled HALOJU CIRO.
  1830 | D:3      | 1830 ||| READING scroll labelled HEDINY BOLOLE.
  1830 | D:3      | Identified a scroll of acquirement
  1830 | D:3      | 1830 ||| ACQUIRING +3 arbalest of Dasolufi {freeze, rPois}
  1830 | D:3      | Acquired the +3 arbalest of Dasolufi {freeze, rPois}
  1832 | D:3      | 1832 ||| SWAPPING to +3 arbalest of Dasolufi {freeze,
                  | rPois}.
  1833 | D:3      | 1833 ||| DROPPING +1 sling.
  1834 | D:3      | 1834 ||| READING 4 scrolls of identify.
  1834 | D:3      | 1834 ||| IDENTIFYING puce potion
  1835 | D:3      | 1835 ||| READING 3 scrolls of identify.
  1835 | D:3      | 1835 ||| IDENTIFYING orange potion
  1836 | D:3      | 1836 ||| READING 2 scrolls of identify.
  1836 | D:3      | 1836 ||| IDENTIFYING white potion
  1837 | D:3      | 1837 ||| DROPPING scroll of vulnerability.
  2070 | D:4      | Reached skill level 5 in Ranged Weapons
  2111 | D:4      | Reached XP level 5. HP: 42/44 MP: 5/5
  2112 | D:4      | Reached skill level 3 in Fighting
  2137 | D:4      | Noticed a phantom
  2143 | D:4      | Killed a phantom
  2168 | D:4      | Identified the +0 chain mail of Vufemo {rElec rN+ Int+3
                  | Slay-6}
  2209 | D:4      | Reached skill level 6 in Ranged Weapons
  2301 | D:4      | Found a staircase to the Ecumenical Temple.
  2302 | D:4      | 2302 ||| PLANNING TEMPLE
  2310 | Temple   | Entered the Ecumenical Temple
  2311 | Temple   | 2311 ||| PLANNING OKAWARU WORSHIP
  2349 | Temple   | Became a worshipper of Warmaster Okawaru
  2350 | Temple   | 2350 ||| PLANNING D:1-11
  2543 | D:4      | Reached XP level 6. HP: 52/52 MP: 6/6
  2758 | D:4      | Noticed Menkaure
  2764 | D:4      | HP: 2/52 [Menkaure (18)]
  2765 | D:4      | 2765 ||| READING scroll of teleportation.
  2766 | D:4      | Killed Menkaure
  3033 | D:4      | Found Yxzyteq's Jewellery Shoppe.
  3046 | D:4      | Reached skill level 7 in Ranged Weapons
  3052 | D:4      | 3052 ||| SHOPLISTING +5 ring of evasion (504 gold, have
                  | 199).
  3052 | D:4      | 3052 ||| SHOPLISTING amulet of the acrobat (420 gold, have
                  | 199).
  3052 | D:4      | 3052 ||| SHOPLISTING ring of positive energy (280 gold,
                  | have 199).
  3052 | D:4      | 3052 ||| SHOPLISTING ring of protection from cold (350
                  | gold, have 199).
  3052 | D:4      | 3052 ||| SHOPLISTING ring of protection from fire (350
                  | gold, have 199).
  3052 | D:4      | 3052 ||| SHOPLISTING ring of see invisible (210 gold, have
                  | 199).
  3115 | D:4      | 3115 ||| DRINKING 2 dark potions.
  3115 | D:4      | Gained mutation: You are agile. (Dex +4, Str/Int -1)
                  | [potion of mutation]
  3115 | D:4      | Gained mutation: You have hidden genetic potential. [potion
                  | of mutation]
  3116 | D:4      | 3116 ||| READING 2 scrolls of identify.
  3116 | D:4      | 3116 ||| IDENTIFYING viscous sapphire potion
  3140 | D:5      | Entered Level 5 of the Dungeon
  3187 | D:5      | Reached XP level 7. HP: 49/59 MP: 7/7
  3317 | D:5      | Reached skill level 8 in Ranged Weapons
  3338 | D:5      | Noticed Edmund
  3341 | D:5      | Killed Edmund
  3341 | D:5      | Reached * piety under Okawaru
  3342 | D:5      | Reached skill level 3 in Armour
  3348 | D:5      | Gained mutation: Your mind is acute. (Int +4, Str/Dex -1)
                  | [hidden potential]
  3493 | D:5      | Noticed Prince Ribbit
  3502 | D:5      | 3502 ||| INVOKING Heroism.
  3510 | D:5      | 3510 ||| INVOKING Heroism.
  3515 | D:5      | Killed Prince Ribbit
  3516 | D:5      | Reached XP level 8. HP: 50/68 MP: 4/8
  3594 | D:5      | 3594 ||| INVOKING Heroism.
  3599 | D:5      | Reached skill level 1 in Invocations
  3670 | D:5      | Reached skill level 3 in Dodging
  3670 | D:5      | 3670 ||| INVOKING Heroism.
  3676 | D:5      | HP: 16/68 [ice beast (13)]
  3677 | D:5      | 3677 ||| READING scroll of teleportation.
  3679 | D:5      | Gained mutation: You have great hidden genetic potential.
                  | [hidden potential]
  3679 | D:5      | Lost mutation: You have great hidden genetic potential.
                  | [hidden potential expressed]
  3680 | D:5      | Noticed Pikel
  3681 | D:5      | Reached skill level 9 in Ranged Weapons
  3685 | D:5      | HP: 17/68 [Pikel/+0 whip of flaming (2)]
  3686 | D:5      | 3686 ||| INVOKING Heroism.
  3686 | D:5      | HP: 7/68 [Pikel/+0 whip of flaming (3)]
  3689 | D:5      | HP: 3/68 [Pikel/+0 whip of flaming (3)]
  3689 | D:5      | Killed from afar by an orc priest

Levels and vault maps discovered:
D:1:      elethiomel_arrival_quiet, layout_rooms, fountainhead
D:2:      layout_basic, hangedman_abyss_or_decor_stabs, minmay_misc_feat_chi,
          minmay_crystal_room, skrybe_limestone_x
D:3:      layout_loops_cross, elyvilon_altar_5
D:4:      minmay_chambers_of_threes, layout_cave_pods,
          minmay_temple_entry_slanted, serial_shops, shop_statue, uniq_menkaure
D:5:      layout_cave_pods, nicolae_tso_swordbearing_angel,
          hangedman_abyss_or_decor_stagger, nrook_campfire,
          minmay_joined_circles, uniq_edmund, uniq_pikel, uniq_prince_ribbit1
Temple:   nicolae_temple_ecumenical_triangle

Skill      XL: |  1  2  3  4  5  6  7  8 |
---------------+-------------------------+-----
Ranged Weapons | 3 4 5 6 7 8 9 |  9.0
Fighting       | 2 3 4 5 |  5.3
Armour         | 1 3 |  3.2
Invocations    | 2 |  2.6
Dodging        | 3 |  3.1
Spellcasting   | |  1.0
Hexes          | |  2.0

Action                     |  1- 3 |  4- 6 |  7- 9 || total
---------------------------+-------+-------+-------++-------
   Fire: Sling             |   145 |     9 |       ||   154
         Arbalest          |       |    94 |    62 ||   156
 Invoke: Heroism           |       |       |     5 ||     5
    Use: Scroll            |     8 |     8 |     1 ||    17
         Potion            |     1 |     1 |       ||     2
 Armour: Robe              |     2 |       |       ||     2
         Ring mail         |     5 |    23 |    26 ||    54
  Dodge: Dodged            |    21 |    36 |    37 ||    94

Table legend:
 A = Non-vault XP
 B = Vault XP
 C = Vault XP percentage of total XP
 D = Non-vault monster count
 E = Vault monster count
 F = Vault count percentage of total count
                 A         B        C        D         E       F
            +---------+---------+-------+---------+---------+-------
      Total |     877 |    1071 |  55.0 |     103 |      20 |  16.3
            +---------+---------+-------+---------+---------+-------
        D:1 |      46 |       0 |   0.0 |      27 |       0 |   0.0
        D:2 |      31 |       0 |   0.0 |      17 |       0 |   0.0
        D:3 |      26 |       0 |   0.0 |       9 |       0 |   0.0
        D:4 |     196 |     362 |  64.9 |      35 |      13 |  27.1
        D:5 |     578 |     709 |  55.1 |      15 |       7 |  31.8
            +---------+---------+-------+---------+---------+-------
